 Dungeon Crawl Stone Soup version 0.27-a0-1196-g3e9cee4cb2 (webtiles) character file.

Game seed: 15341989354960814567

395 EldarEldrad the Chopper (level 6, -7/56 HPs)
             Began as a Hill Orc Fighter on May 27, 2021.
             Mangled by an ogre
             ... wielding a +0 giant club
              (30 damage)
             ... on level 4 of the Dungeon.
             The game lasted 00:14:56 (4668 turns).

EldarEldrad the Chopper (Hill Orc Fighter)          Turns: 4668, Time: 00:14:57

Health: -7/56      AC:  8    Str: 21    XL:     6   Next: 82%
Magic:  6/6        EV:  9    Int:  8    God:
Gold:   124        SH:  0    Dex: 10    Spells: 5/5 levels left

rFire    . . .     SeeInvis .   a - +1 hand axe (venom)
rCold    . . .     Faith    .   (no shield)
rNeg     . . .     Spirit   .   t - +0 scale mail
rPois    .         Reflect  .   (no helmet)
rElec    .         Harm     .   (no cloak)
rCorr    .         Rampage  .   o - +0 pair of gloves
Will     .....                  (no boots)
Stlth    ..........             (no amulet)
HPRegen  0.18/turn              r - ring of flight
MPRegen  0.10/turn              (no ring)

@: flying
A: no striking features
a: no special abilities


You were on level 4 of the Dungeon.
You visited 1 branch of the dungeon, and saw 4 of its levels.

You collected 124 gold pieces.

Inventory:

Hand Weapons
 a - a +1 hand axe of venom (weapon)
 b - a +0 war axe
Missiles
 q - 8 atropa-tipped darts (quivered)
Armour
 c - a +0 kite shield
 o - a +0 pair of gloves (worn)
 t - a +0 scale mail (worn)
Jewellery
 r - a ring of flight (left hand)
Scrolls
 e - a scroll of acquirement {unknown}
 i - a scroll of enchant armour {unknown}
 k - 2 scrolls of identify {unknown}
 l - 3 scrolls of fog {unknown}
 m - a scroll of magic mapping {unknown}
 n - a scroll of teleportation {unknown}
 p - a scroll of vulnerability {unknown}
Potions
 d - a potion of might
 f - 2 potions of brilliance {unknown}
 g - a potion of attraction {unknown}
 h - a potion of haste


   Skills:
 - Level 5.0 Fighting
 * Level 7.2 Axes
 + Level 4.9 Armour
 - Level 3.2 Shields


You had 5 spell levels left.
You didn't know any spells.
Your spell library was empty.

Dungeon Overview and Level Annotations

Branches:
Dungeon (4/15)
 Temple: D:4-7

Altars:


Message History

There is a stone staircase leading up here.
There is a stone staircase leading up here.
You see here a +0 hunting sling.
You see here a rat corpse.
You see here 166 stones.
Things that are here:
a +0 scythe; a +0 robe You see here a +0 hand axe.
Done exploring.
Search for what [Enter for "."]? .
Unknown command.
You see here a +0 dagger.
There is a stone staircase leading down here.
You fly downwards.
There is a stone staircase leading up here.
Found a glowing short sword.
An ogre comes into view. It is wielding a +0 giant club.
Found a stone staircase leading up.
You see here 12 gold pieces.
You now have 124 gold pieces (gained 12).
There is a stone staircase leading up here.
You hit the ogre.
The ogre is moderately wounded.
The ogre closely misses you.
You hit the ogre.
The ogre is poisoned.
The ogre is moderately wounded.
The ogre hits you with a +0 giant club!
You barely miss the ogre.
The ogre is moderately wounded.
You hit the ogre.
The ogre is heavily wounded.
The ogre hits you with a +0 giant club.
You barely miss the ogre.
The ogre is heavily wounded.
The ogre hits you with a +0 giant club!
You barely miss the ogre.
The ogre is severely wounded.
The ogre hits you with a +0 giant club!!
Ouch! That really hurt!
You die...

#..)###.###.###..###
.#.#.................
........#.....#
#...#..## #.###..#
#.# #..# #<# #..#
######O###..####
#......@.......#
...####.#######.# #.#
##.######## #.#
#.......... #.#
#..#######. #.#
####..### ..#
#.......# ##
#.<.....# #.......#


You could see an ogre (poisoned).

Vanquished Creatures
  Sigmund (D:3)
  A sky beast (D:3)
  An orc priest (D:3)
  3 adders
  3 worms
  3 dart slugs (D:2)
  4 orcs (D:3)
  3 endoplasms (D:1)
  A giant cockroach (D:1)
  10 goblins
  5 hobgoblins
  10 jackals
  3 kobolds
  5 quokkas
  2 ball pythons
  3 bats
  A frilled lizard (D:3)
  6 rats
65 creatures vanquished.

Vanquished Creatures (others)
  2 fungi (D:3)
  8 plants
10 creatures vanquished.

Grand Total: 75 creatures vanquished

Notes
Turn   | Place    | Note
-------+----------+-------------------------------------------
     0 | D:1      | EldarEldrad the Hill Orc Fighter began the quest for the
                  | Orb.
     0 | D:1      | Reached XP level 1. HP: 19/19 MP: 1/1
   215 | D:1      | Reached skill level 3 in Axes
   264 | D:1      | Reached XP level 2. HP: 13/27 MP: 2/2
   903 | D:1      | Reached skill level 4 in Axes
   932 | D:1      | Reached XP level 3. HP: 31/33 MP: 3/3
  2226 | D:2      | Reached XP level 4. HP: 41/41 MP: 4/4
  2698 | D:2      | Reached skill level 5 in Axes
  3284 | D:3      | Noticed Sigmund
  3483 | D:3      | Killed Sigmund
  3484 | D:3      | Reached skill level 5 in Fighting
  3484 | D:3      | Reached skill level 6 in Axes
  3484 | D:3      | Reached XP level 5. HP: 17/48 MP: 5/5
  3484 | D:3      | Reached XP level 6. HP: 20/56 MP: 6/6
  3829 | D:3      | Noticed a sky beast
  3846 | D:3      | Killed a sky beast
  3847 | D:3      | Reached skill level 7 in Axes
  4072 | D:3      | Found a faded altar of an unknown god.
  4668 | D:4      | Mangled by an ogre

Illustrated notes

Levels and vault maps discovered:
D:1:      dpeg_arrival_radiant, layout_basic, serial_forest,
          infiniplex_forest_lined_2, infiniplex_forest_clump_large,
          infiniplex_forest_lined_corner, infiniplex_forest_pool,
          infiniplex_forest_straight_3, infiniplex_forest_straight_5,
          infiniplex_forest_straight_4, infiniplex_forest_corner_1,
          serial_bayou_lagoon_a
D:2:      layout_basic, supply_closet_lemuel, grunt_decor_clamped
D:3:      layout_loops_cross, shapermc_ecumenical_altar_mp_ritualfount,
          uniq_sigmund
D:4:      layout_loops_ring, minmay_misc_feat_nine_boxes

Skill      XL: |  1  2  3  4  5  6 |
---------------+-------------------+-----
Axes           | 3 4 6 7 |  7.2
Fighting       | 4 5 |  5.0
Armour         | 4 |  4.9
Shields        | |  3.2

Action                   |  1- 3 |  4- 6 || total
-------------------------+-------+-------++-------
Melee: War axe           |   131 |    69 ||   200
       Hand axe          |       |    31 ||    31
Throw: Stone             |    21 |     2 ||    23
  Use: Potion            |       |     2 ||     2
Armor: Ring mail         |    29 |       ||    29
       Scale mail        |    24 |    26 ||    50
Dodge: Dodged            |    75 |    36 ||   111

Table legend: (Time is in decaauts)
 A = Elapsed time spent in this place.
 B = Non-inter-level travel time spent in this place.
 C = Inter-level travel time spent in this place.
 D = Time resting spent in this place.
 E = Time spent auto-exploring this place.
 F = Levels seen in this place.
 G = Mean time per level.
                   A        B        C        D        E       F      G
               +--------+--------+--------+--------+--------+-----+--------+
         Total |   4720 |   4509 |    211 |   1272 |   2324 |   4 | 1180.0 |
       Dungeon |   4720 |   4509 |    211 |   1272 |   2324 |   4 | 1180.0 |
               +--------+--------+--------+--------+--------+-----+--------+

Top non-repeatable levels by time:
     D:1: 1689 daAuts
     D:2: 1679 daAuts
     D:3: 1313 daAuts
     D:4: 37 daAuts
